[Event "Chess Stars Match"]
[Site "Teatro Capri, Paterna, Spain"]
[Date "2019.12.15"]
[Round "1.1"]
[White "Howell, David W L"]
[Black "Vallejo Pons, Francisco"]
[Result "0-1"]
[TimeControl "7m+3s"]
[WhiteTitle "GM"]
[BlackTitle "GM"]
[WhiteFideId "410608"]
[BlackFideId "2205530"]
[WhiteElo "2676"]
[BlackElo "2704"]

1. c4 e5 2. Nc3 Bb4 3. Nd5 Na6 4. Nxb4 Nxb4 5. d4 exd4 6. a3 Nc6 7. Nf3 Nf6 8. Nxd4 O-O 9. e3 d5 10.
Nxc6 bxc6 11. Be2 Ne4 12. O-O Qg5 13. Kh1 Rd8 14. f3 dxc4 15. Qc2 Nd6 16. e4 Qb5 17. Bf4 Rb8 18. Rab1 Be6 19.
Rfd1 Qb3 20. Rdc1 h6 21. Qxb3 Rxb3 22. Bd1 Rb7 23. Ba4 Nb5 24. Kg1 Nd4 25. Kf2 Rdb8 26. Ke3 c5 27. Be5 Rxb2 28.
Rxb2 Rxb2 29. f4 Re2# 0-1

[Event "Chess Stars Match"]
[Site "Teatro Capri, Paterna, Spain"]
[Date "2019.12.15"]
[Round "1.2"]
[White "Hamitevici, Vladimir"]
[Black "Arizmendi Martinez, Julen Luis"]
[Result "0-1"]
[TimeControl "7m+3s"]
[WhiteTitle "GM"]
[BlackTitle "GM"]
[WhiteFideId "13902393"]
[BlackFideId "2205092"]
[WhiteElo "2453"]
[BlackElo "2511"]

1. c4 e6 2. g3 d5 3. Bg2 Nf6 4. Nf3 d4 5. O-O c5 6. b4 cxb4 7. a3 Nc6 8. d3 a5 9. Nbd2 e5 10.
axb4 Bxb4 11. Ba3 Bxa3 12. Rxa3 O-O 13. Qa1 Ra6 14. Rb3 Qe7 15. Rb5 a4 16. Rfb1 h6 17. Ne1 Ra7 18. Nc2 Bg4 19. f3 Be6 20.
Qa3 Re8 21. Qxe7 Rxe7 22. Na3 Bc8 23. Kf1 Kf8 24. f4 exf4 25. gxf4 Ng4 26. Bxc6 bxc6 27. Rb8 Nxh2+ 28. Ke1 Re8 29.
Ne4 Rae7 30. Kd1 Bg4 31. Nd6 Rxe2 32. Nxe8 Rxe8+ 33. Kc2 h5 34. c5 h4 35. Rxe8+ Kxe8 36. Rh1 Nf3 37. Nc4 f6 38. Nd2 Nxd2 39. Kxd2 g5 40. fxg5 fxg5 41. Rg1 Bf3 42. Rxg5 h3 43. Rg8+ Kf7 44. Rh8 Bg2 45. Ke2 a3 46. Kf2 a2 47. Ra8 Bd5 48. Kg3 Be6 49. Ra5 Kf6 50.
Kf3 Ke5 51. Kg3 Kf6 52. Kf3 Kg5 53.
Kg3 Kh5 54. Ra6 Kg5 55. Ra5 h2 56. Kxh2 Kf4 57. Ra3 Ke3 58. Kg3 Kd2 59. Kf4 Kc2 60. Ke5 Kb2 61. Ra5 Bd5 0-1

[Event "Chess Stars Match"]
[Site "Teatro Capri, Paterna, Spain"]
[Date "2019.12.15"]
[Round "1.3"]
[White "Injac, Teodora"]
[Black "Semenova, Elena"]
[Result "1-0"]
[TimeControl "7m+3s"]
[WhiteTitle "WIM"]
[BlackTitle "WIM"]
[WhiteFideId "932400"]
[BlackFideId "24125148"]
[WhiteElo "2284"]
[BlackElo "2290"]

1. Nf3 d5 2. g3 Nd7 3. d4 b5 4. Bg2 Bb7 5. O-O Ngf6 6. a4 b4 7. c4 bxc3 8. Nxc3 e6 9. Bf4 c6 10.
a5 Ba6 11. Re1 Be7 12. Qa4 Rc8 13. Rac1 O-O 14. e4 dxe4 15. Nxe4 Nxe4 16. Rxe4 c5 17. Rd1 Nf6 18. Ree1 Nd5 19. dxc5 Qe8 20. Qxe8
Rfxe8 21. Bd6 Bxd6 22. cxd6 Red8 23. Nd4 Rxd6 24. Rc1 Rdd8 25. h4 Kf8 26. Bf3 Bd3 27. Nc6 1-0

[Event "Chess Stars Match"]
[Site "Teatro Capri, Paterna, Spain"]
[Date "2019.12.15"]
[Round "1.4"]
[White "Randazzo, Adrian"]
[Black "Llobell Cortell, Enrique"]
[Result "1/2-1/2"]
[TimeControl "7m+3s"]
[WhiteTitle "FM"]
[BlackTitle "IM"]
[WhiteFideId "114251"]
[BlackFideId "2216116"]
[WhiteElo "2230"]
[BlackElo "2401"]

1. e4 d6 2. d4 Nf6 3.
Nc3 c6 4. Nf3 Bg4 5. Be2 e6 6. O-O d5 7. exd5 Bxf3 8. Bxf3 cxd5 9. Bf4 Nc6 10. Ne2 Bd6 11. c3 O-O 12. Qd2 Qc7 13.
Bxd6 Qxd6 14. Qf4 Qxf4 15. Nxf4 Rfc8 16. Nd3 Rab8 17. Rfc1 Na5 18. Ne5 Rc7 19. h3 Nd7 20. Nxd7 Rxd7 21.
Be2 Rc7 22. Bd3 h6 23. f4 g6 24. Kf2 Kf8 25. Ke3 Ke7 26. g4 f5 27. Rg1 Kf6 28. h4 Nc4+ 29. Bxc4 Rxc4 30. g5+ hxg5 31.
hxg5+ Kg7 32. Rh1 Rcc8 33. Rh6 Rh8 34. Rah1 Rxh6 35. Rxh6 b5 1/2-1/2

[Event "Chess Stars Match"]
[Site "Teatro Capri, Paterna, Spain"]
[Date "2019.12.15"]
[Round "1.5"]
[White "Povshednyi, Ivan"]
[Black "Macias Pino, Diego"]
[Result "1/2-1/2"]
[TimeControl "7m+3s"]
[WhiteFideId "14190907"]
[BlackFideId "24529133"]
[WhiteElo "1795"]
[BlackElo "2161"]

1. e4 c6 2. Nc3 d5 3. Nf3 Nf6 4. exd5 cxd5 5. d4 Nc6 6. Bf4 a6 7. Be2 Bg4 8.
O-O e6 9. h3 Bxf3 10. Bxf3 Bd6 11. Bxd6 Qxd6 12. Re1 O-O 13. Na4 b5 14. Nc5 Rfc8 15. c3 b4 16. Qa4 bxc3 17. bxc3 e5 18. Rad1 exd4 19. cxd4 Nxd4 20.
Qxd4 Rxc5 21. g3 Rac8 22. Kg2 h6 23. h4 Rc4 24. Qe3 Rc3 25. Qe7 Qxe7 26. Rxe7 Rd8 27. Rd4 Ra3 28. Re5 Rxa2 29.
Bxd5 Nxd5 30. Rexd5 Rxd5 31. Rxd5 a5 32. Rd7 g6 33. Ra7 Kg7 34. Kf3 Kf6 35. Ke3 Ke6 36. Kf3 a4 37. Ke3 a3 38. Kf3 Ra1 39. Kg2 f6 40.
Kf3 Ke5 41. Ra4 Kd5 42. Kg4 Kc5 43. h5 gxh5+ 44. Kxh5 Kb5 45. Ra8 Kb4 46. Kxh6 Kb3 47. Kg6 Rf1 48. f4 Rf3 49. Kxf6 Rxg3 50. Ke6 a2 51. Rxa2 Kxa2 52.
f5 Re3+ 53. Kd7 Rf3 54. Ke6 Re3+ 55. Kd7 Kb3 56. f6 1/2-1/2

[Event "Chess Stars Match"]
[Site "Teatro Capri, Paterna, Spain"]
[Date "2019.12.15"]
[Round "2.1"]
[White "Arizmendi Martinez, Julen Luis"]
[Black "Howell, David W L"]
[Result "1-0"]
[TimeControl "7m+3s"]
[WhiteTitle "GM"]
[BlackTitle "GM"]
[WhiteFideId "2205092"]
[BlackFideId "410608"]
[WhiteElo "2511"]
[BlackElo "2676"]

1. d4 d5 2. c4 e6 3.
Nc3 c5 4. cxd5 cxd4 5. Qa4+ Bd7 6. Qxd4 exd5 7. Qxd5 Nc6 8. Nf3 Nf6 9. Qd1 Qc7 10. e3 O-O-O 11. Be2 Bh3 12. Qa4 Bxg2 13.
Rg1 Bh3 14. Bd2 a6 15. Rc1 Kb8 16.
Ne4 Nxe4 17. Qxe4 Qd7 18. Bxa6 Bf5 19. Qa4 Ne5 20. Qf4 bxa6 21. Qxe5+ Bd6 22. Qa5 Qb5 23. Qxb5+ axb5 24. Nd4 Bd7 25. Rxg7 Bxh2 26. Rxf7 Bd6 27. Nc6+ Bxc6 28. Rxc6 h5 29. Ba5 Rdf8 30. Rd7 Be5 31. Rd5 Re8 32. Rxe5 Rxe5 33. Bc7+ Kb7 34. Bxe5 1-0

[Event "Chess Stars Match"]
[Site "Teatro Capri, Paterna, Spain"]
[Date "2019.12.15"]
[Round "2.2"]
[White "Semenova, Elena"]
[Black "Hamitevici, Vladimir"]
[Result "0-1"]
[TimeControl "7m+3s"]
[WhiteTitle "WIM"]
[BlackTitle "GM"]
[WhiteFideId "24125148"]
[BlackFideId "13902393"]
[WhiteElo "2290"]
[BlackElo "2453"]

1. e4 c6 2. d4 d5 3.
Nc3 a6 4. Nf3 Bg4 5. h3 Bh5 6. Be2 e6 7. Bf4 Nf6 8. exd5 cxd5 9. Ne5 Bg6 10. h4 Qb6 11. h5 Bf5 12. g4 Be4 13. f3 Qxb2 14. Na4 Qxc2 15.
Qxc2 Bxc2 16. Nb6 Bb4+ 17. Kf2 Bc3 18. Rac1 Bxd4+ 19. Be3 Bxb6 20. Bxb6 Nbd7 21. Nxd7 Nxd7 22. Rxc2 Nxb6 23. Rb1 Nc8 24. Rxb7 O-O 25. Rc6 a5 26. a4 Rd8 27. Rcc7 Nd6 28.
Rb6 h6 29. Ke3 e5 30. Bf1 Rab8 31. Ra6 Rb3+ 32. Kf2 e4 33. Rxa5 Rxf3+ 34. Ke2 Ne8 35. Re7 Nf6 36. Bg2 Rg3 37. Kf2 Ra3 38. Raa7 Nxg4+ 39. Ke1 Ra1+ 40.
Ke2 Ra2+ 41. Kf1 Ne3+ 0-1

[Event "Chess Stars Match"]
[Site "Teatro Capri, Paterna, Spain"]
[Date "2019.12.15"]
[Round "2.3"]
[White "Llobell Cortell, Enrique"]
[Black "Injac, Teodora"]
[Result "1-0"]
[TimeControl "7m+3s"]
[WhiteTitle "IM"]
[BlackTitle "WIM"]
[WhiteFideId "2216116"]
[BlackFideId "932400"]
[WhiteElo "2401"]
[BlackElo "2284"]

1. e4 c5 2. Nc3 d6 3.
f4 g6 4.
Nf3 Bg7 5. Bb5+ Bd7 6. Bc4 Nc6 7. O-O Na5 8.
Be2 Nf6 9. d3 O-O 10. Qe1 Nc6 11.
Qh4 Nd4 12. Bd1 e6 13. f5 exf5 14. Bg5 Ne6 15.
Bd2 fxe4 16. dxe4 Qb6 17. Ng5 Nxg5 18. Bxg5 Qxb2 19. Bxf6 Bxf6 20. Qxf6 Qxa1 21. Bg4 Qxf1+ 22. Kxf1 Bxg4 23. Nd5 h5 24. Qxd6 Be6 25. Nf6+ Kg7 26.
Qe5 Kh6 27. a3 b6 28. h3 Rad8 29. g4 hxg4 30. hxg4 g5 31. Nh5 Bxg4 32. Qg7+ 1-0

[Event "Chess Stars Match"]
[Site "Teatro Capri, Paterna, Spain"]
[Date "2019.12.15"]
[Round "2.4"]
[White "Macias Pino, Diego"]
[Black "Randazzo, Adrian"]
[Result "1/2-1/2"]
[TimeControl "7m+3s"]
[BlackTitle "FM"]
[WhiteFideId "24529133"]
[BlackFideId "114251"]
[WhiteElo "2161"]
[BlackElo "2230"]

1. e4 c5 2. Nc3 a6 3. g3 b5 4. Bg2 Bb7 5. d3 b4 6. Nce2 e6 7. Nh3 d5 8. exd5 Bxd5 9. O-O Bxg2 10. Kxg2 Nf6 11. Nef4 Be7 12.
Be3 O-O 13. d4 cxd4 14. Qxd4 Qxd4 15. Bxd4 Nc6 16. Be3 Ng4 17. Bd2 Rfd8 18. Rfd1 Rac8 19. Nd3 a5 20. Rac1 Nge5 21. Nxe5 Nxe5 22.
b3 h6 23. f4 Nc6 24. c4 bxc3 25. Bxc3 Bb4 26. Bb2 Ne7 27. Rxd8+ Rxd8 28. Rc2 Nf5 29. Kf3 Ba3 30. Nf2 Bxb2 31. Rxb2 Rc8 32. b4 Rc3+ 33.
Kg2 axb4 34. Rxb4 Rc2 35. Ra4 h5 36. Ra3 Nd4 37. h3 Nb5 38. Ra8+ Kh7 39. a4 Ra2 40. Kf3 Ra3+ 41. Kg2 Ra2 42.
Kf3 Ra3+ 43. Kg2 Ra2 44.
Rf8 Rxa4 45. Rxf7 Kg6 46. Re7 Kf6 47. Rb7 Nc3 48. Rb3 Nd5 49. Kf3 Rb4 50. Ra3 Kg6 51. Ne4 Rb6 52. g4 hxg4+ 53. hxg4 Nf6 54. Ng5 Nd5 55. Ne4 1/2-1/2

[Event "Chess Stars Match"]
[Site "Teatro Capri, Paterna, Spain"]
[Date "2019.12.15"]
[Round "2.5"]
[White "Vallejo Pons, Francisco"]
[Black "Povshednyi, Ivan"]
[Result "1-0"]
[TimeControl "7m+3s"]
[WhiteTitle "GM"]
[WhiteFideId "2205530"]
[BlackFideId "14190907"]
[WhiteElo "2704"]
[BlackElo "1795"]

1. d4 Nf6 2. c4 g6 3. Bg5 Bg7 4. Nc3 O-O 5. e4 d6 6. Qd2 Nbd7 7. f3 c5 8. d5 a6 9. Nh3 Rb8 10.
Nf2 b5 11. cxb5 axb5 12. Bxb5 Qa5 13. a4 Ba6 14. O-O Ne5 15. Qe2 Bxb5 16. axb5 Qc7 17. Ra6 h6 18. Be3 Kh7 19. Rfa1 Ned7 20. h3 Nh5 21. Nfd1 Nb6 22.
g4 Nf6 23. Nf2 Ra8 24. Kg2 Nfd7 25. f4 Bd4 26. Qd3 Bxe3 27. Qxe3 Nc4 28. Qe2 Ncb6 29. h4 Rfb8 30. g5 h5 31. Nfd1 Nf8 32. Ne3 Qc8 33. Kh2 Qc7 34. Qf1 Qc8 35. f5 Qe8 36. Nc4 Nxc4 37. Qxc4 Qc8 38.
Qf1 Qe8 39. fxg6+ fxg6 40. Rxa8 Rxa8 41. Rxa8 Qxa8 42. Qf7+ Kh8 43. Qxe7 Qc8 44. b6 Nh7 45.
b7 Qb8 46. Qd7 Nf8 47. Qc8 1-0

[Event "Chess Stars Match"]
[Site "Teatro Capri, Paterna, Spain"]
[Date "2019.12.15"]
[Round "3.1"]
[White "Howell, David W L"]
[Black "Semenova, Elena"]
[Result "1-0"]
[TimeControl "7m+3s"]
[WhiteTitle "GM"]
[BlackTitle "WIM"]
[WhiteFideId "410608"]
[BlackFideId "24125148"]
[WhiteElo "2676"]
[BlackElo "2290"]

1. g3 d5 2. Nf3 Nd7 3. d4 b5 4.
Bg2 Ngf6 5. O-O e6 6. Qd3 Rb8 7. Bf4 Bd6 8. Ne5 Bxe5 9. dxe5 Nc5 10. Qe3 Nfd7 11. Bg5 f6 12. exf6 gxf6 13.
Bh6 Kf7 14. Nd2 Qe7 15. Qf3 Ne5 16.
Qh5+ Ng6 17. f4 f5 18. Nf3 Nd7 19.
Rad1 Bb7 20. e4 fxe4 21. Ng5+ Kg8 22. Bh3 Nf6 23. Qe2 Bc8 24. Qf2 c6 25. f5 exf5 26. Bxf5 Bxf5 27. Qxf5 Rf8 28. Bxf8 1-0

[Event "Chess Stars Match"]
[Site "Teatro Capri, Paterna, Spain"]
[Date "2019.12.15"]
[Round "3.2"]
[White "Hamitevici, Vladimir"]
[Black "Llobell Cortell, Enrique"]
[Result "0-1"]
[TimeControl "7m+3s"]
[WhiteTitle "GM"]
[BlackTitle "IM"]
[WhiteFideId "13902393"]
[BlackFideId "2216116"]
[WhiteElo "2453"]
[BlackElo "2401"]

1. a3 d5 2. Nf3 Bg4 3. e3 e5 4. h3 Bxf3 5. Qxf3 c6 6. d3 Bd6 7. e4 Ne7 8. g4 Nd7 9. Nc3 d4 10.
Ne2 Nc5 11. h4 Ne6 12. g5 Ng6 13. Qg4 Qa5+ 14. Bd2 Qb6 15. b3 Ngf4 16. Nxf4 Nxf4 17. Bxf4 exf4 18. Bh3 O-O 19. Kf1 Qc5 20.
Qe2 f6 21. g6 h6 22. Kg2 Rae8 23. Kf3 f5 24. e5 Qd5+ 0-1

[Event "Chess Stars Match"]
[Site "Teatro Capri, Paterna, Spain"]
[Date "2019.12.15"]
[Round "3.3"]
[White "Injac, Teodora"]
[Black "Macias Pino, Diego"]
[Result "1-0"]
[TimeControl "7m+3s"]
[WhiteTitle "WIM"]
[WhiteFideId "932400"]
[BlackFideId "24529133"]
[WhiteElo "2284"]
[BlackElo "2161"]

1. d4 Nf6 2. Nf3 e6 3. e3 b6 4. Bd3 Bb7 5. O-O d5 6. b3 Nbd7 7. c4 Bd6 8. cxd5 exd5 9. Ba3 c5 10. Nc3 a6 11. Rc1 O-O 12. Qe2 Re8 13. Na4 Ne4 14.
Rfd1 f5 15. dxc5 bxc5 16. Nd2 Qe7 17. Nf1 f4 18. Bb2 Nef6 19. Qf3 fxe3 20. Nxe3 Ne5 21.
Bxe5 Qxe5 22. Qh3 Bc8 23. Qg3 Qe7 24. Qh4 d4 25. Nf5 Bxf5 26. Bxf5 Qe5 27. Bd3 Qd5 28. Nb6 Qc6 29.
Nxa8 Rxa8 30. Bc4+ Kh8 31. Re1 Qd7 32. h3 Rf8 33. Bd3 Kg8 34.
Bxa6 Qf5 35. Bc4+ Kh8 36. Rcd1 Nd7 37. Bd3 g5 38. Bxf5 gxh4 39. Bxd7 1-0

[Event "Chess Stars Match"]
[Site "Teatro Capri, Paterna, Spain"]
[Date "2019.12.15"]
[Round "3.4"]
[White "Randazzo, Adrian"]
[Black "Vallejo Pons, Francisco"]
[Result "0-1"]
[TimeControl "7m+3s"]
[WhiteTitle "FM"]
[BlackTitle "GM"]
[WhiteFideId "114251"]
[BlackFideId "2205530"]
[WhiteElo "2230"]
[BlackElo "2704"]

1. e4 e5 2. Nf3 Nc6 3. Nc3 Nf6 4. d4 exd4 5. Nxd4 Nxe4 6. Nxe4 Qe7 7. f3 d5 8. Bb5 Bd7 9. Bxc6 bxc6 10.
O-O dxe4 11. fxe4 g6 12. Bf4 Bg7 13. Bxc7 Bg4 14. Qxg4 Bxd4+ 15. Kh1 Qxc7 0-1

[Event "Chess Stars Match"]
[Site "Teatro Capri, Paterna, Spain"]
[Date "2019.12.15"]
[Round "3.5"]
[White "Povshednyi, Ivan"]
[Black "Arizmendi Martinez, Julen Luis"]
[Result "1-0"]
[TimeControl "7m+3s"]
[BlackTitle "GM"]
[WhiteFideId "14190907"]
[BlackFideId "2205092"]
[WhiteElo "1795"]
[BlackElo "2511"]

1. e4 e6 2. d4 d5 3. Nc3 Bb4 4. e5 Ne7 5. a3 Bxc3+ 6. bxc3 b6 7. Nf3 Ba6 8. Bd3 Qd7 9. O-O Qa4 10.
Qe2 Bxd3 11. cxd3 c5 12. Bg5 Nec6 13. dxc5 bxc5 14. Be3 Nd7 15. d4 c4 16. Rfb1 h6 17. Ne1 Na5 18. f4 Nb3 19.
Ra2 O-O 20. Qg4 Qc6 21. Nf3 f5 22. Qh3 Nb6 23. Bf2 Qe8 24. Be1 Na4 25. g4 Qg6 26. g5 Kf7 27. Rg2 Rh8 28. Qg3 hxg5 29.
Nxg5+ Ke7 30. Qe3 Qh5 31. Nf3 Rag8 32. Nd2 Nb6 33. Nxb3 cxb3 34. Rxb3 Qd1 35. Rb5 g5 36. fxg5 Rh4 37.
Qd2 Qxd2 38. Bxd2 Rh3 39. a4 Kd7 40. a5 Kc6 41. Rc5+ Kb7 42. axb6 axb6 43. Rb5 Rd3 44. Rb2 Rh3 45.
Rg3 Rxg3+ 46. hxg3 Kc6 47. Kg2 Rh8 48. Bf4 Rh7 49.
Rb1 Ra7 50. g4 fxg4 51. Kg3 Ra3 52. Kxg4 Rxc3 53. Rc1 1-0

[Event "Chess Stars Match"]
[Site "Teatro Capri, Paterna, Spain"]
[Date "2019.12.15"]
[Round "4.1"]
[White "Llobell Cortell, Enrique"]
[Black "Howell, David W L"]
[Result "0-1"]
[TimeControl "7m+3s"]
[WhiteTitle "IM"]
[BlackTitle "GM"]
[WhiteFideId "2216116"]
[BlackFideId "410608"]
[WhiteElo "2401"]
[BlackElo "2676"]

1. e4 c6 2. Nc3 d5 3. Nf3 dxe4 4. Nxe4 Nf6 5. Qe2 Be6 6. d4 Nxe4 7. Qxe4 Bd5 8. Qe3 Bxf3 9. Qxf3 Qxd4 10.
Bd3 Nd7 11. Be3 Qb4+ 12. c3 Qxb2 13. O-O Ne5 14. Qe4 Nxd3 15. Qxd3 Rd8 16. Qc4 Qb5 17. Qh4 e6 18. Bxa7 Be7 19. Qg3 Bf6 20. Rab1 Qc4 21. Rxb7 O-O 22. Rb3 Qe2 23. Ra3 Rd1 0-1

[Event "Chess Stars Match"]
[Site "Teatro Capri, Paterna, Spain"]
[Date "2019.12.15"]
[Round "4.2"]
[White "Macias Pino, Diego"]
[Black "Hamitevici, Vladimir"]
[Result "1-0"]
[TimeControl "7m+3s"]
[BlackTitle "GM"]
[WhiteFideId "24529133"]
[BlackFideId "13902393"]
[WhiteElo "2161"]
[BlackElo "2453"]

1. e4 g6 2. Nc3 Bg7 3. d4 c6 4. f4 d5 5. e5 Nh6 6. Nf3 Bg4 7. Be2 O-O 8. O-O f6 9. Be3 Nf5 10.
Bf2 Bh6 11. g3 Nd7 12. Kg2 Bxf3+ 13. Bxf3 fxe5 14. dxe5 e6 15.
h4 Kh8 16. Rh1 Qe7 17. Ne2 Qf7 18. Qd3 b6 19. g4 Ne7 20. g5 Bg7 21. h5 Bxe5 22. fxe5 Nxe5 23. Bd4 gxh5 24. Bxe5+ Kg8 25. Bf6 Ng6 26. Bxh5 e5 27.
Bxg6 Qxg6 28. Qxg6+ hxg6 29. Bxe5 Rfe8 30. Rh8+ Kf7 31. Rf1+ Ke6 32. Rxe8+ Rxe8 33. Bc3 c5 34. Rf6+ Ke7 35. Rxg6 d4 36. Bd2 Kf7 37. Rf6+ Kg7 38. Nf4 Re5 39.
Ne6+ Kg8 40. g6 Re2+ 41. Kf3 Rxd2 42. Rf8# 1-0

[Event "Chess Stars Match"]
[Site "Teatro Capri, Paterna, Spain"]
[Date "2019.12.15"]
[Round "4.3"]
[White "Vallejo Pons, Francisco"]
[Black "Injac, Teodora"]
[Result "1-0"]
[TimeControl "7m+3s"]
[WhiteTitle "GM"]
[BlackTitle "WIM"]
[WhiteFideId "2205530"]
[BlackFideId "932400"]
[WhiteElo "2704"]
[BlackElo "2284"]

1. d4 Nf6 2. c4 g6 3. Bg5 Bg7 4.
Nc3 d6 5. e4 O-O 6. Qd2 c5 7. d5 b5 8. cxb5 a6 9. a4 Qa5 10. f3 Nbd7 11. Nh3 Nb6 12. Nf2 axb5 13. Bxb5 Ba6 14. Bxa6 Qxa6 15. Qe2 Rfb8 16.
Bc1 Nfd7 17. Nfd1 Ne5 18. Qxa6 Rxa6 19. Kd2 Bh6+ 20. Kc2 Bxc1 21. Kxc1 Nd3+ 22. Kd2 Ne5 23. Kc2 Nbc4 24. b3 Na5 25. Rb1 Rb4 26. Na2 Rd4 27.
Ndc3 c4 28. b4 Nb3 29. Rhd1 Rxd1 30. Rxd1 Nd3 31. b5 Ra5 32. Rxd3 Na1+ 33. Kd2 cxd3 34. Kxd3 Nb3 35. Kc4 Nc5 36.
Kb4 Ra8 37. b6 Kf8 38. a5 Ke8 39.
Kb5 Kd7 40. Nb4 Nb3 41. Nc6 Kc8 42.
a6 Nc5 43. Nxe7+ Kd7 44. b7 Re8 45.
Nc6 1-0

[Event "Chess Stars Match"]
[Site "Teatro Capri, Paterna, Spain"]
[Date "2019.12.15"]
[Round "4.4"]
[White "Arizmendi Martinez, Julen Luis"]
[Black "Randazzo, Adrian"]
[Result "1-0"]
[TimeControl "7m+3s"]
[WhiteTitle "GM"]
[BlackTitle "FM"]
[WhiteFideId "2205092"]
[BlackFideId "114251"]
[WhiteElo "2511"]
[BlackElo "2230"]

1. e4 c5 2. Nf3 d6 3. d4 cxd4 4. Nxd4 Nf6 5. Nc3 g6 6. Bc4 a6 7. O-O Bg7 8. Re1 O-O 9. h3 b5 10.
Bb3 Bb7 11. a4 b4 12. Nd5 e6 13. Nxf6+ Bxf6 14. a5 Nd7 15. Bh6 Re8 16. Ba4 Rc8 17.
Qd2 Rc4 18. Be3 Rf8 19. Bb3 Rc8 20. Qxb4 Bxe4 21. Nxe6 fxe6 22. Qxe4 Kh8 23. Qxe6 Bxb2 24. Rad1 Bc3 25. Rxd6 Bxe1 26.
Bd4+ 1-0

[Event "Chess Stars Match"]
[Site "Teatro Capri, Paterna, Spain"]
[Date "2019.12.15"]
[Round "4.5"]
[White "Semenova, Elena"]
[Black "Povshednyi, Ivan"]
[Result "0-1"]
[TimeControl "7m+3s"]
[WhiteTitle "WIM"]
[WhiteFideId "24125148"]
[BlackFideId "14190907"]
[WhiteElo "2290"]
[BlackElo "1795"]

1. e4 c5 2. Nf3 e6 3. d4 cxd4 4. Nxd4 Nf6 5. Bd3 d6 6. c4 a6 7. Nc3 Be7 8. O-O O-O 9. Be3 Nbd7 10. a4 Ne5 11. Be2 Bd7 12. f4 Nc6 13. Nxc6 Bxc6 14.
Bf3 Rc8 15. Qe2 Qa5 16. Rfd1 Rfd8 17. Kh1 Nd7 18. Qd2 Nc5 19. Nd5 Qxd2 20. Nxe7+ Kf8 21. Bxd2 Kxe7 22. Bc3 Bxe4 23. Bxg7 Bxf3 24. gxf3 Nb3 25. Ra3 Na5 26. b3 Nc6 27. Bc3 a5 28.
Raa1 d5 29. cxd5 Rxd5 30. Rxd5 exd5 31. Rd1 Rd8 32. Kg1 d4 33. Bd2 Kf6 34. Kf2 Kf5 35. Rg1 f6 36. Rg7 d3 37. Rxb7 Nd4 38. Be3 Nc2 39. Rb5+ Kg6 40. Bd2 Nd4 41. Rb7 Re8 42. Bxa5 Re2+ 43.
Kf1 Nxf3 44. f5+ Kxf5 45. Rxh7 Nxh2+ 46. Kg1 Nf3+ 47. Kf1 Rb2 48. Rd7 Rxb3 49. Bc7 Ne5 50. Rd8 Ra3 51. a5 Ke4 52. Bb6 Nc4 53. Rd4+ Kf3 54. Kg1 Ne3 0-1

[Event "Chess Stars Match"]
[Site "Teatro Capri, Paterna, Spain"]
[Date "2019.12.15"]
[Round "5.1"]
[White "Howell, David W L"]
[Black "Macias Pino, Diego"]
[Result "1-0"]
[TimeControl "7m+3s"]
[WhiteTitle "GM"]
[WhiteFideId "410608"]
[BlackFideId "24529133"]
[WhiteElo "2676"]
[BlackElo "2161"]

1. g3 d5 2. Nf3 c6 3. Bg2 Nf6 4. c4 g6 5. b3 Bg7 6. Bb2 Bg4 7. d3 O-O 8. Nbd2 Re8 9. O-O Nbd7 10.
Rc1 e5 11. cxd5 cxd5 12. h3 Bxf3 13. exf3 Qa5 14. a3 Rac8 15. b4 Qa6 16. Qb3 Qd6 17. Rfe1 Bh6 18. Rxc8 Rxc8 19. Qd1 Qa6 20.
Nb3 Qd6 21. d4 e4 22. fxe4 Nxe4 23. Nc5 b6 24. Nxe4 dxe4 25. Bxe4 Bg7 26. Qd3 Nf6 27. Bf3 Rd8 28. Kg2 Nd5 29. Qc4 Nc7 30. Bc1 Ne6 31. d5 Nd4 32. Bg5 Nxf3 33. Kxf3 f6 34. Bf4 Qxd5+ 35.
Qxd5+ Rxd5 36. Re7 Rd3+ 37. Ke4 Rxa3 38. Kd5 Bf8 39. Re4 Rb3 40. Kc6 Rxb4 41. Re8 Kf7 42.
Rxf8+ Kg7 43. Ra8 g5 44.
Rxa7+ Kg6 45. Be3 b5 46. Rb7 Rb1 47.
Rxb5 Rh1 48. Kd5 Rxh3 49. Ke4 Rh1 50.
Rb6 Re1 51. Kf3 Rd1 52. Ke2 Rd7 53. Bc5 h5 54. Rd6 Re7+ 55. Kf3 Rc7 56. Bd4 Rf7 57. Ke4 g4 58. Kf4 Rf8 59. Re6 Rf7 60.
Ke4 Kg5 61. Be3+ Kg6 62. Kd5 Rd7+ 63. Rd6 Rf7 64. Ke6 Ra7 65. Bxa7 1-0

[Event "Chess Stars Match"]
[Site "Teatro Capri, Paterna, Spain"]
[Date "2019.12.15"]
[Round "5.2"]
[White "Hamitevici, Vladimir"]
[Black "Vallejo Pons, Francisco"]
[Result "1-0"]
[TimeControl "7m+3s"]
[WhiteTitle "GM"]
[BlackTitle "GM"]
[WhiteFideId "13902393"]
[BlackFideId "2205530"]
[WhiteElo "2453"]
[BlackElo "2704"]

1. b3 g6 2. Bb2 Nf6 3. g3 Bg7 4. Bg2 d5 5. Nf3 c5 6. c4 d4 7. b4 Nc6 8. b5 Na5 9. d3 O-O 10. O-O Re8 11. Nbd2 e5 12.
Nb3 Qc7 13. Nfd2 Rb8 14. Nxa5 Qxa5 15. a4 h5 16. h3 Bf5 17. Nb3 Qc7 18. Bc1 b6 19. a5 Rbd8 20. axb6 axb6 21. Ra6 Bc8 22. Ra4 Qd7 23. Bg5 Qf5 24.
Bxf6 Qxf6 25. Nd2 Qe7 26. Qa1 Bh6 27. Rd1 f5 28. Ra7 Rd7 29. Ra8 Rd6 30. Bc6 Rf8 31. Ra7 Qd8 32. Nf3 Qf6 33.
Rc7 e4 34. dxe4 fxe4 35. Bxe4 Bxh3 36. Qa7 Be6 37. Bd5 Bxd5 38. cxd5 Rxd5 39. Rc6 Rd6 40. Qxb6 Rxc6 41. Qxc6 Qxc6 42. bxc6 Rc8 43. Ne5 Bg7 44.
Nxg6 Kf7 45. Nf4 Rxc6 46. Nxh5 c4 47. Nxg7 Kxg7 48. Rxd4 Kf6 49. Rd1 c3 50. Kf1 Ke5 51. e3 Ra6 52. Rc1 Ra3 53. Ke2 Ra2+ 54. Kf3 Ra3 55. g4 Rb3 56. Rc2 Ra3 57. g5 Kf5 58. Ke2 Kxg5 59.
Kd3 Kg4 60. Rxc3 Ra1 61. Rc4+ Kg5 62.
Rc5+ Kg4 63. Rc4+ Kg5 64. Ke4 Kg4 65. Ke5+ Kf3 66. Rf4+ Ke2 67. Kf5 Ra5+ 68. Kg6 Ra6+ 69. Kg5 Ra5+ 70.
Rf5 Ra4 71. Kf6 Re4 72. Rf4 Re8 73. e4 Rf8+ 74. Ke5 Re8+ 75. Kd6 Kd3 76. e5 Rd8+ 77. Ke7 Rd5 78. e6 1-0

[Event "Chess Stars Match"]
[Site "Teatro Capri, Paterna, Spain"]
[Date "2019.12.15"]
[Round "5.3"]
[White "Injac, Teodora"]
[Black "Arizmendi Martinez, Julen Luis"]
[Result "0-1"]
[TimeControl "7m+3s"]
[WhiteTitle "WIM"]
[BlackTitle "GM"]
[WhiteFideId "932400"]
[BlackFideId "2205092"]
[WhiteElo "2284"]
[BlackElo "2511"]

1. d4 Nf6 2. Nf3 e6 3.
e3 d5 4. Bd3 c5 5. b3 Nc6 6. O-O cxd4 7. exd4 Bd6 8.
Re1 O-O 9. c3 Qc7 10. Qe2 Nd7 11. c4 e5 12. cxd5 Nxd4 13. Nxd4 exd4 14. Na3 Bxh2+ 15. Kh1 Be5 16. Nc4 Bf6 17.
Ba3 b5 18. Bd6 Qb7 19. Na5 Qb6 20. Bxf8 Qxa5 21. Bd6 g6 22. Rac1 Kg7 23. Bxb5 a6 24. Bc6 Ra7 25. Qe8 Qd8 26. Qxd8 Bxd8 27. Re8 Bc7 28. Rxc8 Bxd6 29. Ra8 Rc7 30. Rxa6 Nf6 31. Rb6 Nxd5 32.
Rd1 Nxb6 33. Bf3 Be5 34. a4 Rc5 35. b4 Rc4 36. a5 Nc8 37. b5 Ra4 38. a6 Nb6 39. Rc1 d3 40. g3 Ra5 41.
Rb1 Bd4 42. Kg2 Ra2 43. Rf1 Rb2 44.
Bc6 Nc4 45. Kh3 Rxf2 46. Rc1 Ne5 0-1

[Event "Chess Stars Match"]
[Site "Teatro Capri, Paterna, Spain"]
[Date "2019.12.15"]
[Round "5.4"]
[White "Randazzo, Adrian"]
[Black "Semenova, Elena"]
[Result "0-1"]
[TimeControl "7m+3s"]
[WhiteTitle "FM"]
[BlackTitle "WIM"]
[WhiteFideId "114251"]
[BlackFideId "24125148"]
[WhiteElo "2230"]
[BlackElo "2290"]

1. e4 e5 2. Nf3 Nc6 3. Nc3 Nf6 4. d4 exd4 5. Nxd4 Bb4 6. Nxc6 bxc6 7. Bd3 d5 8. exd5 cxd5 9. O-O O-O 10. h3 Rb8 11. Qf3 Bb7 12. Bg5 Be7 13. Ne2 h6 14. Bh4 Ne4 15. Bxe7 Qxe7 16. Qe3 Qf6 17.
Qd4 Qxd4 18. Nxd4 c5 19. Nf5 Rfd8 20. Bxe4 dxe4 21. Rfd1 Kf8 22. b3 Bc6 23. Ne3 Ke7 24. Kf1 Ke6 25. Ke2 f5 26. g3 g5 27. Rxd8 Rxd8 28. Rd1 Rxd1 29. Nxd1 Ke5 30. c3 Bb5+ 31. Kd2 Bf1 32. h4 gxh4 33.
gxh4 Kf4 34. Ne3 Ba6 35. a4 Bc8 36. Nd5+ Kf3 37. Ke1 Kg4 38.
Ne7 Bd7 39. Ng6 Be8 40. Ne7 f4 41. a5 Kxh4 42. Nc8 a6 43. Nd6 Bc6 44. Nf5+ Kg5 45. Ne7 Bb7 46. b4 cxb4 47. cxb4 Kf6 48. b5 Kxe7 49. bxa6 Bxa6 0-1